 Dungeon Crawl Stone Soup version 0.23.2-33-g5129a83184 (webtiles) character file.

Game seed: 13822649974353686306

16297 teukkam the Fighter (level 12, -8/100 HPs)
             Began as a Minotaur Fighter on July 3, 2019.
             Was an Initiate of Gozag.
             Mangled by a reaper
             ... wielding a +1 scythe of freezing
              (42 damage)
             ... in an ice cave.
             The game lasted 00:33:02 (9467 turns).

teukkam the Fighter (Minotaur Fighter)              Turns: 9467, Time: 00:33:02

Health: -8/100     AC: 23    Str: 23 (25) XL:     12   Next: 8%
Magic:  11/11      EV:  9    Int:  4 (5)  God:    Gozag
Gold:   1966       SH: 10    Dex: 10 (11) Spells: 11/11 levels left

rFire    . . .     SeeInvis .   a - +0 war axe (elec)
rCold    + + .     Gourm    .   h - +0 shield
rNeg     . . .     Faith    .   x - +3 plate armour {rC+}
rPois    .         Spirit   .   O - +2 hat
rElec    .         Reflect  .   B - +0 cloak
rCorr    .         Harm     +   s - +0 pair of gloves
MR       +....                  (no boots)
Stlth    ..........             j - amulet of harm
HPRegen  0.66/turn              G - +4 ring of evasion
MPRegen  0.12/turn              m - ring of protection from magic

@: no status effects
A: retaliatory headbutt, horns 2, cold resistance 1, frail 1, regeneration 1
a: Potion Petition, Call Merchant, Bribe Branch, Renounce Religion


You were in an ice cave.
You worshipped Gozag.
Gozag was most pleased with you.
You were not hungry.

You visited 3 branches of the dungeon, and saw 13 of its levels.
You also visited: Ice Cave.

You collected 2528 gold pieces.
You spent 462 gold pieces at shops.
You paid 100 gold pieces to Gozag.

Inventory:

Hand Weapons
 a - a +0 war axe of electrocution (weapon)
 b - a +0 hunting sling
 c - a +2 quick blade of freezing
 n - a +1 dagger of electrocution
 y - a +0 falchion of holy wrath
 A - a +3 quarterstaff of chaos
 X - a +1 glaive of freezing
Missiles
 l - 7 javelins (quivered)
 p - 240 stones
 z - 121 sling bullets
 D - 29 poisoned needles
 N - 10 tomahawks
Armour
 h - a +0 shield (worn)
 s - a +0 pair of gloves (worn)
 x - a +3 plate armour of cold resistance (worn)
 B - a +0 cloak (worn)
 O - a +2 hat (worn)
 P - the +3 hat of Pondering {ponderous, MR+ MP+10 Int+5}
   (You took it off Gastronok on level 8 of the Dungeon)

   It affects your intelligence (+5).
   It affects your resistance to hostile enchantments.
   It affects your magic capacity (+10).
Jewellery
 e - an uncursed ring of flight
 j - an amulet of harm (around neck)
 m - a ring of protection from magic (right hand)
 w - a +2 ring of intelligence
 G - a +4 ring of evasion (left hand)
Wands
 d - a wand of random effects (9)
 Q - a wand of disintegration (35)
Scrolls
 g - 4 scrolls of remove curse
 k - 3 scrolls of teleportation
 o - a scroll of enchant armour
 t - a scroll of magic mapping
 v - 5 scrolls of identify {unknown}
 C - 2 scrolls of immolation {unknown}
 E - 2 scrolls of blinking {unknown}
 F - a scroll of fear {unknown}
 L - 2 scrolls of holy word {unknown}
 R - 3 scrolls of brand weapon {unknown}
 S - a scroll of vulnerability {unknown}
 V - a scroll of amnesia
 W - a scroll of summoning {unknown}
Potions
 i - 3 potions of haste
 q - a potion of heal wounds
 r - a potion of mutation
 u - 4 potions of invisibility
 H - a potion of ambrosia
 I - a potion of brilliance {unknown}
 J - 2 potions of flight {unknown}
 K - 3 potions of curing
 M - 4 potions of might
 U - a potion of magic {unknown}
Miscellaneous
 T - a sack of spiders
Comestibles
 f - 13 rations


   Skills:
 + Level 12.1 Fighting
 + Level 11.8 Axes
 + Level 10.6 Slings
 + Level 12.0 Armour
 - Level 5.1 Shields


You had 11 spell levels left.
You didn't know any spells.
Your spell library contained the following spells:

 Spells                   Type           Power        Failure   Level  Hunger
 Animate Skeleton         Necr           N/A          100%        1    ##.....
 Apportation              Tloc           #.....       100%        1    ##.....
 Confusing Touch          Hex            #.....       100%        1    ##.....
 Corona                   Hex            #......      100%        1    ##.....
 Flame Tongue             Conj/Fire      #....        100%        1    ##.....
 Pain                     Necr           #...         100%        1    ##.....
 Summon Small Mammal      Summ           #...         100%        1    ##.....
 Ensorcelled Hibernation  Hex/Ice        #.....       100%        2    ###....
 Throw Flame              Conj/Fire      #.....       100%        2    ###....
 Confuse                  Hex            #.......     100%        3    ####...
 Conjure Flame            Conj/Fire      #.......     100%        3    ####...
 Dazzling Spray           Conj/Hex       #.....       100%        3    ####...
 Inner Flame              Hex/Fire       #.......     100%        3    ####...
 Regeneration             Chrm/Necr      #.........   100%        3    ####...
 Tukima's Dance           Hex            #.......     100%        3    ####...
 Vampiric Draining        Necr           #.........   100%        3    ####...
 Animate Dead             Necr           N/A          100%        4    #####..
 Sticky Flame             Conj/Fire      #.......     100%        4    #####..
 Fireball                 Conj/Fire      #.........   100%        5    ######.


Dungeon Overview and Level Annotations

Branches:
Dungeon (10/15)            Temple (1/1) D:4            Lair (2/6) D:9
    Orc (0/2) D:9
  Swamp: Lair:2-4    Shoals: Lair:2-4     Snake: Lair:2-4    Spider: Lair:2-4

Altars:
Ashenzari
Cheibriados
Dithmenos
Elyvilon
Fedhas
Gozag
Kikubaaqudgha
Makhleb
Nemelex Xobeh
Okawaru
Qazlal
Sif Muna
Trog
Uskayaw
Vehumet
Wu Jian
Xom

Shops:
D:6 (   D:8 !


Innate Abilities, Weirdness & Mutations

You reflexively headbutt those who attack you in melee.
You have a pair of horns on your head.
Your flesh is cold resistant. (rC+)
You are frail. (-10% HP)
Your natural rate of healing is unusually fast.


Message History

Press: ? - help, Shift-Dir - straight line, f/p - reaper
Aim: a reaper, wielding a +1 scythe of freezing The reaper resists with almost no effort.
Evoke which item? (* to show all) (? for menu, Esc to quit)
Aiming: Random Effects
Press: ? - help, Shift-Dir - straight line, f/p - reaper
Aim: a reaper, wielding a +1 scythe of freezing The reaper flickers and vanishes!
Deactivating autopickup; reactivate with Ctrl-A.
Evoke which item? (* to show all) (? for menu, Esc to quit)
Aiming: Random Effects
Press: ? - help, Shift-Dir - straight line The bolt of negative energy hits something but does no damage.
Something hits you but does no damage.
You hit something but do no damage. You headbutt something.
Something hits you!! Something freezes you.
You closely miss something. Your headbutt misses something.
Something hits you!!
You die...
Your body crumbles into a pile of gold.

##.☼# #.. ... #
####☼☼.# #..# ... .##
#..#.°## ... ..# ..#
..§#§§# #.##.#..#
...§§§# ##○##..#.#..#.#
.##...#
#..#..........#.
.###..#
#..$..........2.
##.#.##
#☼°§#...####..#.
#....## #..☼#...@{....#
##.☼..###§§§#..$$$...##
.#.°..##§.°°###..#...#
.##.○.##§☼$$§§##○#..##
..#°.##☼§#°§.○§#§#§.#
..####§§###§☼§○§§§###
#.###☼°§# #§.☼°☼§☼.#
##..#§§## ##§§.§○..#
#...○## #§§..°.##


There were no monsters in sight!

Vanquished Creatures
  Gastronok (D:8)
  A necromancer (D:9)
  A black mamba (Lair:1)
  2 ice statues (IceCv)
  2 komodo dragons (Lair:1)
  2 rime drakes (Lair:2)
  A kobold demonologist (D:10)
  10 ice devils (IceCv)
  A troll (D:9)
  A hippogriff (Lair:2)
  8 blink frogs
  9 yaks
  A wraith (D:10)
  A spriggan (D:7)
  A hungry ghost (D:9)
  Grum (D:9)
  Edmund (D:4)
  3 water moccasins
  6 porcupines (D:9)
  A sky beast (D:6)
  A necrophage (D:5)
  7 orc warriors
  4 phantoms
  2 ogres (D:8)
  11 wolves
  2 centaurs (D:6)
  3 crocodiles
  A big kobold (D:8)
  A bullfrog (D:8)
  6 scorpions
  4 killer bees (D:9)
  4 wights (D:7)
  2 bullfrog zombies
  4 crimson imps
  3 hounds
  3 bullfrog skeletons
  Crazy Yiuf (D:4)
  2 jellies
  4 orc priests (D:8)
  A centaur skeleton (D:10)
  Natasha (D:3)
  An iguana (D:10)
  9 orc wizards
  6 worker ants
  3 yak simulacra (D:9)
  2 polar bear simulacra (D:9)
  2 wolf simulacra (D:9)
  A howler monkey zombie (D:5)
  A howler monkey skeleton (D:10)
  10 gnolls
  9 adders
  A shadow imp (D:7)
  10 white imps (IceCv)
  5 ufetubi (IceCv)
  An ooze (D:3)
  A worm (D:3)
  6 dart slugs
  4 leopard geckos
  28 orcs
  4 bats
  5 giant cockroaches
  4 goblins
  7 hobgoblins
  7 jackals
  5 quokkas
  A ball python (D:4)
  6 frilled lizards
  2 jackal skeletons (D:4)
  8 kobolds
  2 quokka skeletons
  7 rats
  4 river rat simulacra (D:9)
  2 fungi (D:9)
  6 plants (D:9)
291 creatures vanquished.

Vanquished Creatures (others)
  A white imp (IceCv)
  3 ufetubi (IceCv)
  7 fungi (D:9)
  A plant (D:9)
12 creatures vanquished.

Grand Total: 303 creatures vanquished

Notes
Turn   | Place    | Note
-------+----------+-------------------------------------------
     0 | D:1      | teukkam the Minotaur Fighter began the quest for the Orb.
     0 | D:1      | Reached XP level 1. HP: 19/19 MP: 0/0
    91 | D:2      | Reached XP level 2. HP: 18/27 MP: 1/1
   116 | D:2      | Reached XP level 3. HP: 22/33 MP: 2/2
   542 | D:3      | Found a radiant altar of Vehumet.
   733 | D:4      | Noticed a phantom
   737 | D:4      | Reached XP level 4. HP: 26/40 MP: 3/3
   747 | D:4      | Killed a phantom
   747 | D:4      | Reached skill level 1 in Slings
   747 | D:4      | Reached XP level 5. HP: 25/47 MP: 4/4
   761 | D:4      | Noticed a phantom
   767 | D:4      | Found a staircase to the Ecumenical Temple.
   798 | Temple   | Entered the Ecumenical Temple
   804 | Temple   | Became a worshipper of Gozag Ym Sagoz the Greedy
  1024 | D:4      | Killed a phantom
  1236 | D:3      | Reached XP level 6. HP: 55/55 MP: 5/5
  1261 | D:3      | Reached skill level 5 in Armour
  1261 | D:3      | Reached skill level 5 in Shields
  1481 | D:1      | Reached skill level 5 in Fighting
  2643 | D:3      | Noticed Natasha
  2646 | D:3      | Killed Natasha
  2945 | D:4      | Found a runed translucent door.
  2946 | D:4      | Noticed Crazy Yiuf
  2954 | D:4      | Killed Crazy Yiuf
  3132 | D:4      | Reached XP level 7. HP: 51/61 MP: 6/6
  3225 | D:4      | Noticed Edmund
  3233 | D:4      | Killed Edmund
  3233 | D:4      | Reached skill level 5 in Axes
  3318 | D:5      | Entered Level 5 of the Dungeon
  4432 | D:6      | Reached XP level 8. HP: 63/71 MP: 7/7
  4574 | D:6      | Found Vaul's Antique Weapon Shoppe.
  4639 | D:6      | Reached skill level 5 in Slings
  5207 | D:7      | Reached XP level 9. HP: 72/81 MP: 8/8
  6106 | D:8      | Found a shadowy altar of Dithmenos.
  6123 | D:8      | Noticed Gastronok
  6138 | D:8      | Killed Gastronok
  6138 | D:8      | Reached XP level 10. HP: 91/91 MP: 9/9
  6273 | D:8      | Found Vuovin's Distillery.
  6276 | D:8      | Bought a potion of curing for 42 gold pieces
  6276 | D:8      | Bought a potion of heal wounds for 70 gold pieces
  6276 | D:8      | Bought a potion of heal wounds for 70 gold pieces
  6276 | D:8      | Bought a potion of invisibility for 112 gold pieces
  6276 | D:8      | Bought a potion of might for 56 gold pieces
  6276 | D:8      | Bought a potion of might for 56 gold pieces
  6276 | D:8      | Bought a potion of might for 56 gold pieces
  6729 | D:9      | Noticed Grum
  6737 | D:9      | Killed Grum
  6860 | D:9      | Reached skill level 10 in Fighting
  6860 | D:9      | Reached skill level 10 in Armour
  7008 | D:9      | Reached skill level 10 in Axes
  7036 | D:9      | Found a staircase to the Lair.
  7075 | D:9      | Found an iron altar of Okawaru.
  7228 | D:9      | Noticed a necromancer
  7238 | D:9      | Killed a necromancer
  7255 | D:9      | Reached XP level 11. HP: 101/101 MP: 10/10
  7390 | D:9      | Found a staircase to the Orcish Mines.
  7649 | D:10     | Entered Level 10 of the Dungeon
  7693 | Lair:1   | Entered Level 1 of the Lair of Beasts
  8358 | D:10     | Noticed a sun demon
  8809 | Lair:2   | Reached skill level 10 in Slings
  8900 | Lair:2   | Found a frozen archway.
  8954 | IceCv    | Entered an ice cave
  9021 | IceCv    | Gained mutation: You are frail. (-10% HP) [potion of
                  | mutation]
  9021 | IceCv    | Gained mutation: Your natural rate of healing is unusually
                  | fast. [potion of mutation]
  9021 | IceCv    | Gained mutation: Your flesh is cold resistant. (rC+)
                  | [potion of mutation]
  9400 | IceCv    | Reached XP level 12. HP: 63/100 MP: 11/11
  9428 | IceCv    | Noticed a reaper
  9467 | IceCv    | Mangled by a reaper

Skill      XL: |  1  2  3  4  5  6  7  8  9 10 11 12 |
---------------+-------------------------------------+-----
Fighting       | 4 5 6 7 9 10 12 | 12.1
Armour         | 4 5 6 7 9 10 11 12 | 12.0
Axes           | 3 4 5 7 9 10 11 | 11.8
Shields        | 4 5 |  5.1
Slings         | 1 2 3 4 5 7 9 10 | 10.6

Action                   |  1- 3 |  4- 6 |  7- 9 | 10-12 || total
-------------------------+-------+-------+-------+-------++-------
Melee: War axe           |    56 |   144 |   192 |   335 ||   727
       Headbutt          |     7 |    18 |    40 |    68 ||   133
       Falchion          |       |       |     5 |       ||     5
 Fire: Hunting sling     |     1 |    21 |    18 |    26 ||    66
Throw: Javelin           |       |     1 |     3 |     2 ||     6
Invok: Potion Petition   |       |       |       |     1 ||     1
Evoke: Wand              |       |       |       |     9 ||     9
  Use: Scroll            |       |     3 |       |     3 ||     6
       Potion            |       |     1 |     2 |     7 ||    10
 Stab: Distracted        |       |     1 |     1 |     4 ||     6
       Confused          |       |       |       |     1 ||     1
  Eat: Ration            |       |     2 |     3 |     4 ||     9
Armor: Scale mail        |    33 |    56 |       |       ||    89
       Plate armour      |       |    11 |   107 |   176 ||   294
Dodge: Dodged            |    14 |    24 |    76 |   105 ||   219
Block: Shield            |    28 |    58 |    97 |   167 ||   350
